Map: Lerilak Crest

Players

LilDicky - Winner!

  • Race: Terran Terran
  • League: Diamond

Damogron

  • Race: Terran Terran
  • League: Diamond

VOD

http://www.twitch.tv/tumescentpie

Description

Time

  • Played on: Dec. 1, 2015, 11:26 a.m.
  • Length: 8:36
Show
View Real Time Build Order
Export as new Build Order

LilDicky Terran - Winner!

Build Orders: Banshee Rush 

Get SALT Encoding   

  12  0:03  SCV  
  13  0:15  SCV  
  13  0:18  Supply Depot  
  14  0:28  Refinery  
  14  0:33  SCV  
  15  0:43  Barracks  
  15  0:48  SCV  
  16  1:01  SCV  
  17  1:16  SCV  
  18  1:28  SCV  
  19  1:33  Supply Depot  
  19  1:34  Reaper  
  20  1:40  Orbital Command  
  20  1:49  Refinery  
  20  1:53  Factory  
  20  2:06  Marine  
  21  2:10  SCV  
  22  2:22  SCV  
  22  2:42  Marine  
  23  2:49  Factory Tech Lab  
  23  2:51  SCV  
  23  2:52  Starport  
  23  2:57  Command Center  
  23  3:03  SCV  
  24  3:08  Marine  
  24  3:15  SCV  
  25  3:20  Siege Tank  
  28  3:27  SCV  
  28  3:28  Marine  
  28  3:30  Starport Tech Lab  
  30  3:35  Supply Depot  
  30  3:36  Supply Depot  
  29  3:45  Marine  
  29  3:46  SCV  
  31  3:49  Cloaking Field  
  30  4:03  Marine  
  30  4:06  Banshee  
  34  4:10  Orbital Command  
  34  4:27  SCV  
  34  4:30  Siege Tank  
  37  4:53  Engineering Bay  
  37  4:54  Marine  
  38  5:06  Raven  
  39  5:23  Missile Turret, Marine  
  40  5:41  Marine  
  37  5:47  Orbital Command  
  37  5:48  Banshee  
  37  5:49  SCV, Siege Tank  
  44  5:56  Missile Turret  
  44  5:59  Marine  
  44  6:01  SCV  
  46  6:07  Barracks  
  46  6:09  Barracks  
  46  6:14  SCV  
  46  6:17  Marine  
  48  6:21  Siege Tank  
  51  6:26  SCV  
  52  6:38  SCV  
  53  6:43  Supply Depot  
  53  6:51  Banshee  
  53  6:53  Siege Tank  
  51  7:11  Marine  
  49  7:16  SCV  
  50  7:25  Siege Tank  
  50  7:29  Marine  
  54  7:47  SCV, Marine  
  54  7:50  SCV  
  57  7:57  Siege Tank  
  57  7:59  SCV  
  57  8:00  Supply Depot  
  61  8:07  Marine  
  61  8:11  Missile Turret  
Show
View Real Time Build Order
Export as new Build Order

Damogron Terran 

Build Orders: 1/1/1, Banshee Rush 

Get SALT Encoding   

  12  0:00  SCV  
  13  0:12  SCV  
  14  0:16  Refinery  
  14  0:25  SCV  
  15  0:28  Supply Depot  
  15  0:50  SCV  
  15  0:51  Barracks  
  16  1:02  SCV  
  17  1:14  SCV  
  18  1:26  SCV  
  19  1:38  Factory  
  19  1:39  Reaper  
  20  1:40  Orbital Command  
  20  1:47  Refinery  
  20  1:50  Supply Depot  
  20  2:08  SCV  
  21  2:11  Reaper  
  22  2:23  Hellion  
  22  2:26  SCV  
  22  2:28  Starport  
  25  2:38  SCV  
  26  2:45  Hellion  
  28  2:53  SCV  
  28  2:54  Barracks Tech Lab  
  28  3:01  Supply Depot  
  28  3:05  SCV  
  29  3:17  SCV, Supply Depot  
  30  3:27  Banshee, Cloaking Field  
  30  3:29  SCV  
  30  3:31  Barracks Reactor, Factory Reactor  
  30  3:34  Supply Depot  
  34  3:41  SCV  
  35  3:53  SCV  
  33  4:07  SCV  
  33  4:08  Command Center  
  33  4:09  Marine x2  
  36  4:10  Banshee  
  36  4:11  Widow Mine  
  41  4:20  Supply Depot  
  41  4:26  SCV  
  41  4:30  Marine x2  
  44  5:06  Marine  
  45  5:14  SCV  
  45  5:21  Viking  
  44  5:27  SCV, Orbital Command  
  41  5:34  Engineering Bay  
  39  5:38  Marine x2  
  35  5:46  SCV  
  35  5:47  Widow Mine  
  35  5:48  Widow Mine  
  40  5:56  SCV  
  41  5:58  SCV  
  41  6:00  Marine  
  41  6:01  Marine  
  44  6:08  SCV  
  44  6:10  SCV  
  46  6:12  Refinery  
  46  6:13  Refinery, Starport Reactor  
  44  6:23  Hellion x2, Marine x2  
  50  6:39  SCV x2  
  50  6:41  Barracks, Marine x2  
  50  6:43  Barracks  
  42  7:02  Marine x2  
  36  7:10  SCV  
  36  7:11  SCV  
  27  7:20  Marine, Widow Mine x2  
  27  7:21  Viking x2  
  27  7:23  SCV x2  
  27  7:35  SCV  
  24  7:47  SCV  
  24  7:49  Hellion x2  
  25  7:53  Engineering Bay  
  25  7:59  SCV  
  25  8:02  Marine x4  
Tags
 
Add a new tag
Caveats
  • Supply blocks, unpowered buildings, or Contaminate may cause inaccurate times.
  • Supply counts are checked every 10 seconds.